3189 views
Uploaded 2020-04-18 11:38:13
Game version 1.32.3
26:21 long 2on2 ladder game on (4)PhantomGrove_LV
Saved by paladin8400
3189 views
Uploaded 2020-04-18 11:38:13
Game version 1.32.3
26:21 long 2on2 ladder game on (4)PhantomGrove_LV


111 units @ 13.6k
/ 1.9k
53 buildings @ 7.4k
/ 3.3k


| Lesser Clarity Potion | 5 | 350 |
| Staff of Sanctuary | 2 | 500 |
| Orb of Fire | 1 | 325 |
| Scroll of Regeneration | 3 | 300 |
| Potion of Healing | 2 | 300 |
| Scroll of Town Portal | 3 | 1050 |
| Anti-magic Potion | 1 | 100 |
| total: | 17 | 2925g |
| Peasant | 15 | 1125 | / | 0 |
| Rifleman | 10 | 2050 | / | 300 |
| Flying Machine | 16 | 1600 | / | 480 |
| Knight | 7 | 1715 | / | 420 |
| Siege Engine | 3 | 585 | / | 180 |
| total: | 51 | 7075g | / | 1380w |
| Scout Tower | 9 | 270 | / | 180 |
| Arcane Tower | 1 | 70 | / | 50 |
| Guard Tower | 7 | 490 | / | 350 |
| Blacksmith | 1 | 140 | / | 60 |
| Barracks | 3 | 480 | / | 180 |
| Altar of Kings | 1 | 180 | / | 50 |
| Farm | 11 | 880 | / | 220 |
| Town Hall | 4 | 1540 | / | 820 |
| Lumber Mill | 2 | 240 | / | 0 |
| Arcane Vault | 2 | 260 | / | 60 |
| Workshop | 2 | 280 | / | 280 |
| Keep | 1 | 320 | / | 210 |
| Castle | 1 | 360 | / | 210 |
| total: | 35 | 4270g | / | 1850w |
| 0:01 | Peasant |
| 0:05 | Peasant |
| 0:13 | Peasant |
| 0:21 | Peasant |
| 0:45 | Blacksmith |
| 0:47 | Barracks |
| 0:49 | Altar of Kings |
| 0:52 | Barracks |
| 0:58 | Farm |
| 1:03 | Farm |
| 1:16 | Peasant |
| 1:26 | Peasant |
| 1:41 | Peasant |
| 1:59 | Rifleman |
| 2:02 | Scout Tower |
| 2:17 | Peasant |
| 2:20 | Farm |
| 2:36 | Rifleman |
| 2:47 | Arcane Tower |
| 2:49 | Holy Light |
| 2:57 | Farm |
| 3:18 | Rifleman |
| 3:33 | Rifleman |
| 3:35 | Peasant |
| 4:07 | Rifleman |
| 4:18 | Divine Shield |
| 4:25 | Farm |
| 4:37 | Town Hall |
| 5:00 | Lumber Mill |
| 5:02 | Farm |
| 5:31 | Peasant |
| 5:31 | Peasant |
| 5:39 | Barracks |
| 5:56 | Holy Light |
| 6:06 | Black Gunpowder |
| 6:07 | Rifleman |
| 6:24 | Peasant |
| 6:48 | Rifleman |
| 7:10 | Rifleman |
| 7:25 | Rifleman |
| 7:35 | Peasant |
| 7:36 | Peasant |
| 7:42 | Scout Tower |
| 7:47 | Studded Leather Armor |
| 7:49 | Scout Tower |
| 7:50 | Scout Tower |
| 8:04 | Guard Tower |
| 8:16 | Keep |
| 8:17 | Guard Tower |
| 8:18 | Scout Tower |
| 8:32 | Scout Tower |
| 8:41 | Rifleman |
| 8:42 | Guard Tower |
| 8:46 | Guard Tower |
| 9:02 | Scout Tower |
| 9:23 | Guard Tower |
| 9:52 | Guard Tower |
| 9:53 | Improved Masonry |
| 9:54 | Scout Tower |
| 10:27 | Farm |
| 10:28 | Farm |
| 10:28 | Farm |
| 10:29 | Farm |
| 10:38 | Long Rifles |
| 10:40 | Castle |
| 10:42 | Refined Gunpowder |
| 10:43 | Guard Tower |
| 11:01 | Reinforced Leather Armor |
| 11:25 | Workshop |
| 11:39 | Acid Bomb |
| 12:04 | Improved Lumber Harvesting |
| 12:05 | Farm |
| 12:27 | Flying Machine |
| 12:43 | Flying Machine |
| 12:53 | Flying Machine |
| 13:26 | Arcane Vault |
| 13:29 | Peasant |
| 13:30 | Flying Machine |
| 13:39 | Arcane Vault |
| 13:40 | Flak Cannons |
| 13:41 | Flying Machine |
| 13:50 | Healing Spray |
| 14:06 | Devotion Aura |
| 14:16 | Flying Machine |
| 14:16 | Flying Machine |
| 14:19 | Knight |
| 14:20 | Sundering Blades |
| 14:26 | Lesser Clarity Potion |
| 14:29 | Scroll of Town Portal |
| 14:30 | Staff of Sanctuary |
| 14:31 | Orb of Fire |
| 14:37 | Scroll of Regeneration |
| 14:42 | Lesser Clarity Potion |
| 14:44 | Potion of Healing |
| 14:47 | Flying Machine |
| 14:47 | Flying Machine |
| 15:11 | Flying Machine |
| 15:12 | Flying Machine |
| 15:27 | Lesser Clarity Potion |
| 15:28 | Scroll of Regeneration |
| 15:48 | Flying Machine |
| 16:31 | Acid Bomb |
| 16:56 | Flying Machine |
| 16:56 | Knight |
| 16:56 | Knight |
| 17:08 | Flying Machine |
| 17:09 | Flying Machine |
| 17:13 | Devotion Aura |
| 17:14 | Healing Spray |
| 17:34 | Flying Machine |
| 18:32 | Dragonhide Armor |
| 19:14 | Animal War Training |
| 19:15 | Siege Engine |
| 19:40 | Town Hall |
| 19:51 | Scout Tower |
| 20:06 | Scroll of Town Portal |
| 20:07 | Anti-magic Potion |
| 20:14 | Siege Engine |
| 20:24 | Fragmentation Shards |
| 20:28 | Workshop |
| 21:28 | Knight |
| 21:29 | Siege Engine |
| 22:28 | Acid Bomb |
| 22:33 | Lumber Mill |
| 23:20 | Town Hall |
| 23:24 | Scroll of Town Portal |
| 23:27 | Lesser Clarity Potion |
| 23:30 | Scroll of Regeneration |
| 23:32 | Staff of Sanctuary |
| 23:44 | Knight |
| 24:23 | Town Hall |
| 25:01 | Knight |
| 25:26 | Knight |
| 26:06 | Potion of Healing |
| 26:08 | Lesser Clarity Potion |
| Right click | 2646 |
| Select group | 1387 |
| Select | 952 |
| Misc. action | 199 |
| Assign group | 171 |
| Build/train/purchase | 132 |
| Use ability | 65 |
| Resource trade | 19 |
| Minimap ping | 8 |
| Item give/drop | 5 |
| Esc | 3 |
MygaleVelue
(26:18) : 

| Lesser Clarity Potion | 1 | 70 |
| Staff of Preservation | 1 | 150 |
| Scroll of Town Portal | 3 | 1050 |
| Scroll of Healing | 4 | 1000 |
| Scroll of Protection | 2 | 300 |
| Potion of Lesser Invulnerability | 1 | 150 |
| total: | 12 | 2720g |
| Wisp | 27 | 1620 | / | 0 |
| Huntress | 5 | 975 | / | 100 |
| Archer | 24 | 3120 | / | 240 |
| Druid of the Talon | 2 | 290 | / | 40 |
| Mountain Giant | 1 | 350 | / | 100 |
| Dryad | 1 | 145 | / | 60 |
| total: | 60 | 6500g | / | 540w |
| Ancient Protector | 1 | 135 | / | 80 |
| Altar of Elders | 1 | 180 | / | 50 |
| Moon Well | 5 | 900 | / | 200 |
| Hunter's Hall | 1 | 210 | / | 100 |
| Ancient of War | 2 | 300 | / | 120 |
| Ancient of Wonders | 3 | 270 | / | 90 |
| Tree of Life | 2 | 680 | / | 370 |
| Ancient of Wind | 1 | 150 | / | 140 |
| Ancient of Lore | 2 | 310 | / | 290 |
| Tree of Ages | 1 | 320 | / | 180 |
| Tree of Eternity | 1 | 330 | / | 200 |
| total: | 18 | 3135g | / | 1440w |
| 0:03 | Wisp |
| 0:03 | Wisp |
| 0:04 | Altar of Elders |
| 0:21 | Moon Well |
| 0:34 | Wisp |
| 0:34 | Wisp |
| 0:35 | Wisp |
| 0:49 | Wisp |
| 0:49 | Wisp |
| 1:00 | Wisp |
| 1:00 | Wisp |
| 1:28 | Wisp |
| 2:04 | Wisp |
| 2:04 | Wisp |
| 2:09 | Entangling Roots |
| 2:19 | Hunter's Hall |
| 2:24 | Ancient of War |
| 2:30 | Wisp |
| 2:33 | Moon Well |
| 2:42 | Ancient of War |
| 2:45 | Wisp |
| 3:27 | Huntress |
| 3:41 | Huntress |
| 3:42 | Moon Well |
| 3:58 | Huntress |
| 4:12 | Sentinel |
| 4:15 | Huntress |
| 4:40 | Huntress |
| 5:34 | Archer |
| 5:35 | Tree of Ages |
| 5:56 | Moon Well |
| 6:15 | Archer |
| 6:55 | Archer |
| 7:28 | Archer |
| 7:29 | Strength of the Moon |
| 7:43 | Ancient Protector |
| 7:58 | Ancient of Wonders |
| 8:59 | Improved Bows |
| 9:00 | Archer |
| 9:02 | Improved Strength of the Moon |
| 9:25 | Archer |
| 9:34 | Archer |
| 9:51 | Archer |
| 10:03 | Archer |
| 10:25 | Archer |
| 11:20 | Archer |
| 11:24 | Ancient of Wind |
| 11:28 | Scroll of Town Portal |
| 11:29 | Lesser Clarity Potion |
| 11:29 | Staff of Preservation |
| 12:00 | Archer |
| 12:13 | Thorns Aura |
| 12:41 | Scroll of Protection |
| 12:42 | Scroll of Healing |
| 12:47 | Tree of Eternity |
| 12:55 | Archer |
| 13:16 | Entangling Roots |
| 13:47 | Moon Well |
| 13:56 | Scroll of Healing |
| 14:11 | Tree of Life |
| 14:41 | Tree of Life |
| 14:55 | Archer |
| 15:00 | Moon Armor |
| 15:05 | Thorns Aura |
| 15:17 | Scroll of Healing |
| 15:20 | Marksmanship |
| 15:24 | Wisp |
| 15:24 | Wisp |
| 16:01 | Wisp |
| 16:01 | Wisp |
| 16:03 | Archer |
| 16:32 | Archer |
| 16:58 | Archer |
| 17:00 | Entangling Roots |
| 17:21 | Healing Spray |
| 17:26 | Archer |
| 17:36 | Wisp |
| 17:36 | Wisp |
| 17:37 | Wisp |
| 17:58 | Scroll of Healing |
| 18:01 | Scroll of Protection |
| 18:01 | Potion of Lesser Invulnerability |
| 18:20 | Wisp |
| 18:22 | Wisp |
| 18:22 | Wisp |
| 18:23 | Wisp |
| 18:44 | Archer |
| 18:53 | Ancient of Wonders |
| 19:19 | Advanced Strength of the Moon |
| 19:22 | Scroll of Town Portal |
| 19:50 | Wisp |
| 19:50 | Wisp |
| 19:53 | Ancient of Wonders |
| 19:56 | Archer |
| 20:03 | Improved Moon Armor |
| 20:27 | Archer |
| 21:45 | Druid of the Talon |
| 21:45 | Druid of the Talon |
| 21:45 | Archer |
| 21:45 | Archer |
| 21:48 | Acid Bomb |
| 21:54 | Archer |
| 22:18 | Ancient of Lore |
| 22:23 | Ancient of Lore |
| 22:31 | Scroll of Town Portal |
| 23:41 | Mountain Giant |
| 24:15 | Dryad |
| Right click | 932 |
| Select group | 735 |
| Select | 561 |
| Build/train/purchase | 126 |
| Assign group | 85 |
| Use ability | 64 |
| Misc. action | 54 |
| Chat | 25 |
| Resource trade | 23 |
| Minimap ping | 15 |
| Item give/drop | 2 |
| Esc | 1 |
105 units @ 15.6k
/ 2.6k
48 buildings @ 8.2k
/ 3.7k

| Orb of Venom | 1 | 325 |
| Potion of Mana | 2 | 400 |
| Moonstone | 1 | 50 |
| Lesser Clarity Potion | 1 | 70 |
| Staff of Preservation | 1 | 150 |
| Scroll of Town Portal | 2 | 700 |
| total: | 8 | 1695g |
| Wisp | 31 | 1860 | / | 0 |
| Archer | 13 | 1690 | / | 130 |
| Hippogryph | 8 | 1280 | / | 160 |
| Druid of the Claw | 7 | 1785 | / | 560 |
| Mountain Giant | 7 | 2450 | / | 700 |
| total: | 66 | 9065g | / | 1550w |
| Ancient Protector | 1 | 135 | / | 80 |
| Altar of Elders | 1 | 180 | / | 50 |
| Moon Well | 9 | 1620 | / | 360 |
| Ancient of War | 3 | 450 | / | 180 |
| Ancient of Wonders | 2 | 180 | / | 60 |
| Hunter's Hall | 1 | 210 | / | 100 |
| Tree of Life | 2 | 680 | / | 370 |
| Ancient of Wind | 3 | 450 | / | 420 |
| Ancient of Lore | 5 | 775 | / | 725 |
| Tree of Ages | 2 | 640 | / | 360 |
| Tree of Eternity | 2 | 660 | / | 400 |
| total: | 27 | 4680g | / | 2345w |
| 0:01 | Wisp |
| 0:01 | Wisp |
| 0:08 | Altar of Elders |
| 0:09 | Wisp |
| 0:20 | Moon Well |
| 0:21 | Wisp |
| 0:21 | Wisp |
| 0:28 | Wisp |
| 0:28 | Wisp |
| 0:34 | Wisp |
| 0:34 | Wisp |
| 0:45 | Ancient of War |
| 0:50 | Wisp |
| 0:51 | Wisp |
| 0:57 | Wisp |
| 0:57 | Wisp |
| 1:14 | Wisp |
| 1:27 | Moon Well |
| 1:32 | Wisp |
| 1:32 | Wisp |
| 1:32 | Wisp |
| 1:42 | Wisp |
| 1:46 | Archer |
| 1:46 | Archer |
| 2:10 | Force of Nature |
| 2:21 | Archer |
| 2:22 | Wisp |
| 2:36 | Tree of Ages |
| 2:46 | Archer |
| 2:47 | Archer |
| 3:10 | Archer |
| 3:19 | Moon Well |
| 3:33 | Archer |
| 3:49 | Archer |
| 4:09 | Moon Well |
| 4:25 | Archer |
| 4:44 | Archer |
| 5:03 | Entangling Roots |
| 5:11 | Ancient of Wind |
| 5:13 | Ancient of Wind |
| 5:19 | Ancient of Wind |
| 5:32 | Improved Bows |
| 6:16 | Hippogryph |
| 6:30 | Entangling Roots |
| 6:34 | Ancient of Wonders |
| 6:37 | Hippogryph |
| 6:37 | Hippogryph |
| 6:56 | Hippogryph |
| 7:12 | Ancient of War |
| 7:16 | Hippogryph |
| 7:31 | Hippogryph |
| 7:39 | Wisp |
| 7:55 | Moon Well |
| 8:02 | Hippogryph |
| 8:48 | Archer |
| 8:48 | Hippogryph |
| 9:16 | Archer |
| 9:25 | Force of Nature |
| 9:37 | Hunter's Hall |
| 9:43 | Archer |
| 10:04 | Tree of Eternity |
| 10:24 | Moon Well |
| 10:44 | Moon Well |
| 10:46 | Strength of the Moon |
| 11:28 | Ancient of Lore |
| 11:29 | Ancient of Lore |
| 11:55 | Ultravision |
| 12:13 | Ancient of Lore |
| 12:34 | Wisp |
| 12:34 | Wisp |
| 12:50 | Moon Well |
| 13:18 | Ancient of Wonders |
| 13:19 | Wisp |
| 13:22 | Ancient of Lore |
| 13:28 | Wisp |
| 13:34 | Ancient of Lore |
| 13:37 | Wisp |
| 13:45 | Wisp |
| 14:11 | Well Spring |
| 14:26 | Druid of the Claw |
| 14:36 | Druid of the Claw Adept Training |
| 14:37 | Wisp |
| 14:47 | Tree of Life |
| 14:50 | Force of Nature |
| 15:00 | Scroll of Town Portal |
| 15:00 | Orb of Venom |
| 15:05 | Druid of the Claw |
| 15:06 | Druid of the Claw Master Training |
| 15:11 | Potion of Mana |
| 15:27 | Druid of the Claw |
| 15:41 | Druid of the Claw |
| 15:41 | Druid of the Claw |
| 16:17 | Druid of the Claw |
| 17:16 | Druid of the Claw |
| 17:33 | Wisp |
| 17:33 | Wisp |
| 17:40 | Mountain Giant |
| 17:56 | Moonstone |
| 18:09 | Scroll of Town Portal |
| 18:18 | Hardened Skin |
| 18:40 | Mark of the Claw |
| 18:57 | Mountain Giant |
| 19:20 | Potion of Mana |
| 19:36 | Moon Well |
| 19:46 | Mountain Giant |
| 20:23 | Lesser Clarity Potion |
| 20:32 | Wisp |
| 20:43 | Nature's Blessing |
| 20:56 | Resistant Skin |
| 21:03 | Tranquility |
| 21:05 | Staff of Preservation |
| 22:00 | Wisp |
| 22:08 | Mountain Giant |
| 22:30 | Mountain Giant |
| 22:54 | Mountain Giant |
| 23:16 | Reinforced Hides |
| 23:20 | Mountain Giant |
| 24:50 | Entangling Roots |
| 25:10 | Tree of Life |
| 25:56 | Ancient of War |
| 26:06 | Ancient Protector |
| Right click | 2149 |
| Assign group | 980 |
| Select group | 866 |
| Select | 707 |
| Chat | 481 |
| Build/train/purchase | 217 |
| Misc. action | 94 |
| Use ability | 52 |
| Minimap ping | 20 |
| Remove unit | 7 |
| Esc | 7 |
| Resource trade | 4 |
| Item give/drop | 3 |



| Rod of Necromancy | 1 | 150 |
| Sacrificial Skull | 1 | 50 |
| Orb of Corruption | 1 | 375 |
| Scroll of Town Portal | 3 | 1050 |
| Scroll of Healing | 2 | 500 |
| Scroll of Protection | 1 | 150 |
| total: | 9 | 2275g |
| Acolyte | 10 | 750 | / | 0 |
| Ghoul | 6 | 720 | / | 0 |
| Crypt Fiend | 13 | 2795 | / | 520 |
| Obsidian Statue | 3 | 600 | / | 105 |
| Abomination | 6 | 1440 | / | 420 |
| Meat Wagon | 1 | 230 | / | 50 |
| total: | 39 | 6535g | / | 1095w |
| Nerubian Tower | 1 | 100 | / | 20 |
| Spirit Tower | 1 | 145 | / | 40 |
| Graveyard | 2 | 430 | / | 0 |
| Crypt | 1 | 200 | / | 50 |
| Altar of Darkness | 2 | 360 | / | 100 |
| Ziggurat | 8 | 1200 | / | 400 |
| Tomb of Relics | 1 | 130 | / | 30 |
| Necropolis | 2 | 450 | / | 0 |
| Slaughterhouse | 2 | 280 | / | 270 |
| Sacrificial Pit | 1 | 75 | / | 150 |
| Boneyard | 2 | 350 | / | 400 |
| Halls of the Dead | 1 | 320 | / | 210 |
| Black Citadel | 1 | 325 | / | 230 |
| total: | 21 | 3475g | / | 1400w |
| 0:06 | Graveyard |
| 0:07 | Graveyard |
| 0:10 | Acolyte |
| 0:10 | Crypt |
| 0:26 | Altar of Darkness |
| 0:29 | Altar of Darkness |
| 0:41 | Acolyte |
| 0:51 | Ziggurat |
| 1:12 | Ghoul |
| 1:22 | Ziggurat |
| 1:35 | Tomb of Relics |
| 1:57 | Ghoul |
| 2:13 | Crypt Fiend |
| 2:39 | Carrion Beetles |
| 2:45 | Rod of Necromancy |
| 2:45 | Sacrificial Skull |
| 2:52 | Crypt Fiend |
| 2:52 | Crypt Fiend |
| 3:23 | Crypt Fiend |
| 3:24 | Acolyte |
| 3:56 | Crypt Fiend |
| 4:46 | Ziggurat |
| 4:47 | Acolyte |
| 5:18 | Halls of the Dead |
| 5:40 | Crypt Fiend |
| 5:46 | Impale |
| 6:11 | Ziggurat |
| 6:13 | Necropolis |
| 7:23 | Ziggurat |
| 7:49 | Acolyte |
| 7:49 | Acolyte |
| 7:49 | Acolyte |
| 7:49 | Acolyte |
| 7:50 | Nerubian Tower |
| 7:57 | Slaughterhouse |
| 8:01 | Ghoul |
| 8:22 | Carrion Beetles |
| 8:42 | Spirit Tower |
| 8:47 | Scroll of Town Portal |
| 9:00 | Scroll of Town Portal |
| 9:53 | Death Coil |
| 10:03 | Black Citadel |
| 10:05 | Obsidian Statue |
| 10:19 | Crypt Fiend |
| 10:20 | Burrow |
| 10:34 | Ziggurat |
| 10:36 | Creature Attack |
| 10:57 | Web |
| 11:28 | Obsidian Statue |
| 11:47 | Improved Creature Attack |
| 11:51 | Crypt Fiend |
| 11:56 | Sacrificial Pit |
| 12:05 | Obsidian Statue |
| 12:36 | Ghoul |
| 12:37 | Ghoul |
| 12:46 | Destroyer Form |
| 13:01 | Ziggurat |
| 13:26 | Creature Carapace |
| 13:35 | Ghoul |
| 13:36 | Orb of Corruption |
| 13:38 | Scroll of Healing |
| 13:56 | Unholy Aura |
| 14:25 | Boneyard |
| 14:29 | Acolyte |
| 14:30 | Crypt Fiend |
| 14:53 | Crypt Fiend |
| 15:08 | Abomination |
| 15:15 | Boneyard |
| 15:48 | Scroll of Protection |
| 15:50 | Scroll of Healing |
| 15:54 | Spiked Carapace |
| 16:44 | Frost Nova |
| 16:45 | Frost Nova |
| 17:12 | Abomination |
| 17:29 | Slaughterhouse |
| 17:54 | Abomination |
| 18:03 | Scroll of Town Portal |
| 18:55 | Disease Cloud |
| 18:55 | Abomination |
| 19:01 | Death Coil |
| 19:08 | Ghoul Frenzy |
| 19:09 | Crypt Fiend |
| 19:13 | Unholy Armor |
| 19:21 | Ziggurat |
| 19:51 | Crypt Fiend |
| 19:56 | Impale |
| 20:15 | Abomination |
| 21:07 | Dark Ritual |
| 22:03 | Abomination |
| 22:06 | Crypt Fiend |
| 22:28 | Necropolis |
| 22:41 | Unholy Strength |
| 23:21 | Meat Wagon |
| 23:38 | Acolyte |
| 24:06 | Death Pact |
| 24:22 | Frost Nova |
| 24:53 | Locust Swarm |
| Right click | 1667 |
| Select group | 979 |
| Select | 412 |
| Chat | 344 |
| Build/train/purchase | 166 |
| Resource trade | 58 |
| Assign group | 57 |
| Misc. action | 46 |
| Use ability | 39 |
| Minimap ping | 8 |
| Esc | 7 |
| Item give/drop | 4 |
⇛